[Event "FIDE World Cup O10-A 2024"]
[Site "Batumi"]
[Date "2024.06.29"]
[Round "7.1"]
[White "Guntaka, Aayansh"]
[Black "Bolashakov, Nurali"]
[Result "0-1"]
[ECO "B92"]
[WhiteElo "1872"]
[BlackElo "1843"]
[Annotator "NA RC"]
[PlyCount "108"]
[EventDate "2024.06.23"]
[EventType "swiss"]
[EventCountry "GEO"]
[SourceTitle "playchess.com"]
[Source "ChessBase"]
[SourceQuality "1"]
[TimeControl "5400+30"]

1. e4 c5 2. Nf3 d6 3. d4 cxd4 4. Nxd4 Nf6 5. Nc3 a6 6. Be2 e5 7. Nb3 Be7 8. Bg5 Be6 9. Bxf6 Bxf6 10. Nd5 Bxd5 11. Qxd5 Nc6 12. O-O-O Be7 13. Kb1 Qc7 14. Qd2 O-O 15. g3 $11 b5 16. f4 exf4 17. gxf4 Rad8 18. h4 Bf6 19. h5 h6 20. Bd3 b4 21. Qg2 a5 22. Nd2 a4 23. Nc4 a3 24. b3 Na7 25. e5 dxe5 26. fxe5 Bxe5 27. Qe4 Rxd3 28. Rxd3 Bf6 29. Nd6 Rd8 30. Qc4 Qe7 31. Ne4 Rxd3 32. Nxf6+ Qxf6 33. c3 Qxc3 34. Qxc3 Rxc3 35. Rh4 Nc6 36. Rf4 g5 37. Rf2 g4 38. Rg2 f5 39. Rf2 Nd4 40. Rf4 Rc1+ 41. Kxc1 Ne2+ 42. Kd2 Nxf4 43. Ke3 g3 44. Kf3 g2 45. Kf2 Nd3+ 46. Kxg2 Nc1 47. Kf3 Nxa2 48. Kf4 Nc1 49. Kxf5 a2 50. Kg6 a1=Q 51. Kf5 Qd4 52. Ke6 Nd3 53. Ke7 Nc5 54. Ke8 Qd7# 0-1

[Event "FIDE World Cup O10-A 2024"]
[Site "Batumi"]
[Date "2024.06.29"]
[Round "7.2"]
[White "Vyom Malhotra"]
[Black "Shangin, Lev"]
[Result "0-1"]
[ECO "B23"]
[WhiteElo "1803"]
[BlackElo "2031"]
[Annotator "NA RC"]
[PlyCount "106"]
[EventDate "2024.06.23"]
[EventType "swiss"]
[EventCountry "GEO"]
[SourceTitle "playchess.com"]
[Source "ChessBase"]
[SourceQuality "1"]
[TimeControl "5400+30"]

1. e4 c5 2. Nc3 Nc6 3. f4 g6 4. Nf3 Bg7 5. a3 b6 6. Bc4 {[%emt 0:00:11] B23: Closed Sicilian: Lines without g3.} e6 7. e5 Nge7 8. Ne4 O-O 9. b4 d5 10. Nf6+ Bxf6 11. exf6 Nf5 12. Bb5 Ncd4 13. Nxd4 Nxd4 14. Bf1 Qxf6 15. c3 Nf5 16. g3 Re8 (16... e5 $142 17. fxe5 Qxe5+ 18. Kf2 Nd6) 17. Bg2 Ba6 18. Kf2 e5 19. fxe5 Rxe5 20. Bf3 Nh4 $19 21. d3 Nxf3 22. Qxf3 Rf5 23. Bf4 g5 24. Rhe1 gxf4 25. g4 Qh4+ 26. Kg2 Rg5 27. h3 h5 28. Qf2 Qxf2+ 29. Kxf2 hxg4 30. hxg4 Rxg4 31. Kf3 f5 32. Rad1 Bxd3 33. Rxd3 Rg3+ 34. Ke2 Re8+ 35. Kf2 Rxe1 36. Rxg3+ fxg3+ 37. Kxe1 f4 38. Ke2 d4 39. bxc5 bxc5 40. cxd4 cxd4 41. a4 a5 42. Kf3 d3 43. Kxf4 d2 44. Kxg3 d1=Q 45. Kg2 Qd3 46. Kf2 Kf7 47. Kg2 Qe3 48. Kh2 Qg5 49. Kh3 Kf6 50. Kh2 Kf5 51. Kh1 Kf4 52. Kh2 Kf3 53. Kh3 Qh5# 0-1

[Event "FIDE World Cup O10-A 2024"]
[Site "Batumi"]
[Date "2024.06.29"]
[Round "7.3"]
[White "Chakrabarty, Reyaansh"]
[Black "Safin Safarullakhan"]
[Result "1-0"]
[ECO "B76"]
[WhiteElo "2185"]
[BlackElo "1879"]
[Annotator "RC"]
[PlyCount "129"]
[EventDate "2024.06.23"]
[EventType "swiss"]
[EventCountry "GEO"]
[SourceTitle "playchess.com"]
[Source "ChessBase"]
[SourceQuality "1"]
[TimeControl "5400+30"]

1. e4 c5 2. Nf3 d6 3. d4 cxd4 4. Nxd4 Nf6 5. Nc3 g6 6. Be3 Bg7 7. f3 O-O 8. Qd2 Nc6 9. O-O-O d5 10. exd5 Nxd5 11. Nxc6 bxc6 12. Bd4 e5 13. Bc5 Re8 14. Ne4 Qc7 15. Bc4 Be6 16. Bb3 Rad8 17. Rhe1 h6 18. Kb1 Rd7 19. c4 Nf4 20. Bd6 Qc8 21. g3 Nh5 22. Qc3 Bf5 23. g4 Bxe4+ 24. fxe4 Nf4 25. c5 Rb7 26. h3 Qa8 27. Bc4 a5 28. Re3 Qa7 29. Qc2 Bf8 30. Rb3 Rd7 31. Bxf8 Rxf8 32. Rb6 Rfd8 33. Rc1 Qa8 34. Qc3 Rd4 35. Ra6 Qc8 36. Qxa5 Rxe4 37. Rxc6 Qxc6 38. Qxd8+ Kg7 39. Qe7 Rxc4 40. Rxc4 Qh1+ 41. Rc1 Qe4+ 42. Ka1 Nd3 43. Rf1 Qd5 44. Qf6+ Kg8 45. Qd6 Qc4 46. Qb8+ Kg7 47. Qb3 Qxb3 48. axb3 Nxc5 49. b4 Nd7 50. Rd1 Nb6 51. Rd6 Nc8 52. Rc6 Na7 53. Rc5 Kf6 54. b5 e4 55. b6 e3 56. bxa7 e2 57. Rc1 Ke5 58. a8=Q Kf4 59. Qe8 Kf3 60. Qxf7+ Kg2 61. Qb3 g5 62. Qe3 h5 63. gxh5 g4 64. hxg4 Kh2 65. g5 1-0

[Event "FIDE World Cup O10-A 2024"]
[Site "Batumi"]
[Date "2024.06.29"]
[Round "7.4"]
[White "Ashwath Kaushik"]
[Black "Hummatov, Safa"]
[Result "1-0"]
[ECO "B90"]
[WhiteElo "2029"]
[BlackElo "1693"]
[Annotator "RC"]
[PlyCount "114"]
[EventDate "2024.06.23"]
[EventType "swiss"]
[EventCountry "GEO"]
[SourceTitle "playchess.com"]
[Source "ChessBase"]
[SourceQuality "1"]
[TimeControl "5400+30"]

1. e4 c5 2. Nf3 d6 3. d4 cxd4 4. Nxd4 Nf6 5. Nc3 a6 6. h4 b5 7. a4 b4 8. Nd5 Bb7 9. Be3 Nxd5 10. exd5 Bxd5 11. a5 e6 12. c4 bxc3 13. bxc3 Be7 14. c4 Bb7 15. Qb3 Qc7 16. Be2 Nd7 17. Qc2 Nc5 18. f3 Bf6 19. Kf2 h5 20. Ra3 g6 21. Qd2 Kf8 22. Bh6+ Kg8 23. Bg5 Bg7 24. Rd1 f6 25. Be3 Kf7 26. Nb3 Rhd8 27. Qb4 Bf8 28. Bf4 e5 29. Be3 Rab8 30. Nxc5 dxc5 31. Qa4 Bc6 32. Qc2 e4 33. f4 Rxd1 34. Bxd1 f5 35. g3 Bg7 36. Ra2 Qd6 37. Qc1 Bd4 38. Rd2 Bxe3+ 39. Kxe3 Qf6 40. Qa3 Rb4 41. Be2 Ba4 42. Bd1 Bxd1 43. Rxd1 Qe6 44. Qc3 Qxc4 45. Rd7+ Ke6 46. Qxc4+ Rxc4 47. Rg7 Rc3+ 48. Kf2 Kf6 49. Ra7 c4 50. Rxa6+ Kg7 51. Rc6 Ra3 52. a6 c3 53. Ke2 Ra2+ 54. Kd1 c2+ 55. Kd2 Kf7 56. Kc1 Ke7 57. a7 Rxa7 1-0

[Event "FIDE World Cup O10-A 2024"]
[Site "Batumi"]
[Date "2024.06.29"]
[Round "7.5"]
[White "Mrozowski, Nikodem"]
[Black "Aryan Mehta"]
[Result "1-0"]
[ECO "A65"]
[WhiteElo "1776"]
[BlackElo "1863"]
[Annotator "NA RC"]
[PlyCount "73"]
[EventDate "2024.06.23"]
[EventType "swiss"]
[EventCountry "GEO"]
[SourceTitle "playchess.com"]
[Source "ChessBase"]
[SourceQuality "1"]
[TimeControl "5400+30"]

1. d4 Nf6 2. c4 g6 3. Nc3 Bg7 4. e4 d6 5. f3 O-O 6. Bg5 h6 7. Be3 c5 8. d5 e6 9. Qd2 exd5 10. cxd5 Kh7 11. Bd3 Nbd7 12. Nh3 Ne5 13. Nf2 Bd7 14. O-O-O b5 15. Bxb5 Bxb5 16. Nxb5 Nc4 17. Qe2 Nxe3 18. Qxe3 Qa5 19. Nxd6 Rad8 20. e5 Qxa2 21. Qa3 Qxa3 22. bxa3 Nh5 23. Rhe1 Bxe5 24. Rxe5 Rxd6 25. Ne4 Rdd8 26. d6 Nf4 27. Nxc5 Kg7 28. d7 Kf6 29. Rde1 Nh5 30. Re8 Ng7 31. Ne4+ Kf5 32. Nd6+ Kf6 33. Rxf8 Rxf8 34. Ne8+ Rxe8 35. Rxe8 Nxe8 36. dxe8=Q a5 37. f4 1-0

[Event "FIDE World Cup O10-A 2024"]
[Site "Batumi"]
[Date "2024.06.29"]
[Round "7.6"]
[White "Kiladze, Giorgi"]
[Black "Ramesan, Raunak Amit"]
[Result "0-1"]
[ECO "C58"]
[WhiteElo "1552"]
[BlackElo "1772"]
[Annotator "NA RC"]
[PlyCount "62"]
[EventDate "2024.06.23"]
[EventType "swiss"]
[EventCountry "GEO"]
[SourceTitle "playchess.com"]
[Source "ChessBase"]
[SourceQuality "1"]
[TimeControl "5400+30"]

1. e4 e5 2. Nf3 Nc6 3. Bc4 Nf6 4. Ng5 d5 5. exd5 Na5 6. Bb5+ c6 7. dxc6 bxc6 8. Qf3 Be7 9. Bxc6+ Nxc6 10. Qxc6+ Bd7 11. Qf3 O-O 12. O-O Rc8 13. Nc3 Bc6 14. Qe2 Nd5 15. Nf3 Nf4 16. Qxe5 Bd6 17. Qg5 f6 18. Qg4 h5 19. Qg3 Ne2+ 20. Nxe2 Bxg3 21. fxg3 Bxf3 22. gxf3 Rxc2 23. Nc3 Qd4+ 24. Kg2 Re8 25. a3 a5 26. Rb1 Qd3 27. Ra1 h4 28. gxh4 Qg6+ 29. Kh1 Qh5 30. Ne4 Qxh4 31. d3 Qxh2# 0-1

[Event "FIDE World Cup O10-A 2024"]
[Site "Batumi"]
[Date "2024.06.29"]
[Round "7.7"]
[White "Eshkol, Idan"]
[Black "Ismailov, Omarbek"]
[Result "1-0"]
[ECO "B40"]
[WhiteElo "1544"]
[BlackElo "1716"]
[Annotator "NA RC"]
[PlyCount "53"]
[EventDate "2024.06.23"]
[EventType "swiss"]
[EventCountry "GEO"]
[SourceTitle "playchess.com"]
[Source "ChessBase"]
[SourceQuality "1"]
[TimeControl "5400+30"]

1. e4 c5 2. Nf3 Nc6 3. b3 e6 4. Bb2 Nf6 5. e5 Nd5 6. Nc3 Nb6 7. Bb5 Qc7 8. Ne4 Nd5 9. O-O Be7 10. Bxc6 bxc6 11. Nd6+ Bxd6 12. exd6 Qxd6 13. Bxg7 Rg8 14. Be5 Qe7 15. c4 Nb6 16. Qc2 f6 17. Bg3 Qg7 18. Rfe1 Kd8 19. Qe4 d5 20. Qh4 Kd7 21. d4 cxd4 22. c5 e5 23. cxb6 axb6 24. a4 c5 25. Qh5 Kc6 26. h3 e4 27. Nxd4+ 1-0

[Event "FIDE World Cup O10-A 2024"]
[Site "Batumi"]
[Date "2024.06.29"]
[Round "7.8"]
[White "Kalinichenko, German Yu"]
[Black "Tsulaia, Giorgi"]
[Result "1-0"]
[ECO "B80"]
[WhiteElo "1634"]
[BlackElo "1646"]
[Annotator "NA RC"]
[PlyCount "145"]
[EventDate "2024.06.23"]
[EventType "swiss"]
[EventCountry "GEO"]
[SourceTitle "playchess.com"]
[Source "ChessBase"]
[SourceQuality "1"]
[TimeControl "5400+30"]

1. e4 c5 2. Nf3 e6 3. d4 cxd4 4. Nxd4 Nc6 5. Nc3 Qc7 6. g3 a6 7. Bg2 Nf6 8. O-O Be7 9. Re1 d6 10. Nxc6 bxc6 11. e5 dxe5 12. Rxe5 O-O 13. Bf4 Qb7 14. Qf3 Bd7 15. Ree1 Nd5 16. Nxd5 cxd5 17. Qb3 Qxb3 18. axb3 Bf6 19. Be5 Bxe5 20. Rxe5 Rac8 21. c3 Rb8 22. b4 Bb5 23. Bf1 Bxf1 24. Kxf1 Ra8 25. Ree1 Rfb8 26. Ra5 Kf8 27. Rea1 Rb6 28. b5 Rab8 29. bxa6 Rxb2 30. Rc5 Rb1+ 31. Rxb1 Rxb1+ 32. Ke2 Ra1 33. Rc8+ Ke7 34. Rc7+ Kf6 35. a7 e5 36. Kd2 Ke6 37. Kc2 d4 38. cxd4 exd4 39. Kd3 Ra4 40. g4 h6 41. h4 Kf6 42. Ke4 Ke6 43. f4 d3+ 44. Kxd3 Kf6 45. Kc3 Ke6 46. Kb3 Ra1 47. Kc4 g6 48. Kb5 h5 49. gxh5 gxh5 50. Kb6 f5 51. Kb7 Rb1+ 52. Kc8 Ra1 53. Kb8 Kd6 54. Rb7 Kd5 55. a8=Q Rxa8+ 56. Kxa8 Ke4 57. Rh7 Kxf4 58. Rxh5 Kg4 59. Rh8 f4 60. h5 f3 61. h6 f2 62. h7 f1=Q 63. Rg8+ Kf3 64. Rf8+ Kg2 65. Rxf1 Kxf1 66. h8=Q Ke2 67. Qc3 Kf2 68. Kb7 Ke2 69. Kc6 Kf2 70. Kd5 Kg2 71. Ke4 Kh2 72. Qg7 Kh3 73. Kf3 1-0

[Event "FIDE World Cup O10-A 2024"]
[Site "Batumi"]
[Date "2024.06.29"]
[Round "7.9"]
[White "Obado, Sean Adrich"]
[Black "Jakhaia, Andria"]
[Result "0-1"]
[ECO "B22"]
[WhiteElo "1631"]
[BlackElo "1652"]
[Annotator "NA RC"]
[PlyCount "88"]
[EventDate "2024.06.23"]
[EventType "swiss"]
[EventCountry "GEO"]
[SourceTitle "playchess.com"]
[Source "ChessBase"]
[SourceQuality "1"]
[TimeControl "5400+30"]

1. e4 c5 2. c3 e5 3. Nf3 Nc6 4. Bb5 a6 5. Ba4 b5 6. Bc2 Qc7 7. d3 Bb7 8. Be3 Rc8 9. O-O Nf6 10. h3 d6 11. Nh4 g6 12. f4 Bg7 13. f5 O-O 14. g4 Nd8 15. Qe1 d5 16. g5 Nd7 17. Nd2 c4 18. exd5 cxd3 19. Bxd3 Bxd5 20. Be4 Qc6 21. Bf3 e4 22. Bg2 Be5 23. Bd4 Re8 24. Rc1 Qd6 25. Bxe5 Nxe5 26. Nxe4 Bxe4 27. Qxe4 Ndc6 28. Qd5 Qc7 29. fxg6 hxg6 30. Rf6 Rcd8 31. Qb3 Na5 32. Qc2 Nd3 33. Rcf1 Qc5+ 34. Kh1 Qxg5 35. Rxa6 Nc4 36. Nf3 Qg3 37. Nd4 Ne3 38. Rf3 Qe1+ 39. Rf1 Nxc2 40. Rxe1 Rxe1+ 41. Kh2 Nxd4 42. cxd4 Rxd4 43. Rb6 b4 44. Rb8+ Kg7 0-1

[Event "FIDE World Cup O10-A 2024"]
[Site "Batumi"]
[Date "2024.06.29"]
[Round "7.10"]
[White "TURKI, YOUSEF HATTAN A"]
[Black "Wee, Yu Xi Lyndon"]
[Result "1-0"]
[ECO "D38"]
[WhiteElo "1401"]
[BlackElo "1408"]
[Annotator "NA RC"]
[PlyCount "85"]
[EventDate "2024.06.23"]
[EventType "swiss"]
[EventCountry "GEO"]
[SourceTitle "playchess.com"]
[Source "ChessBase"]
[SourceQuality "1"]
[TimeControl "5400+30"]

1. d4 d5 2. c4 e6 3. Nc3 Nf6 4. Nf3 Bb4 5. Bg5 h6 6. Bxf6 Qxf6 7. Rc1 Nc6 8. e3 O-O 9. Qb3 Rd8 10. Bd3 dxc4 11. Bxc4 b6 12. O-O Bb7 13. Ne4 Qg6 14. Bd3 f5 15. Ng3 Be7 16. Bxf5 Qf6 17. Bxe6+ Kh8 18. d5 Na5 19. Qd3 c6 20. Nd4 cxd5 21. Ngf5 Bc5 22. b4 Bxd4 23. Nxd4 Nc4 24. Bh3 Ne5 25. Qe2 Nc6 26. Ne6 Re8 27. Nc7 Nxb4 28. Nxa8 Ba6 29. Qd2 Rxa8 30. Qxb4 Bxf1 31. Rxf1 a5 32. Qb5 d4 33. exd4 Qxd4 34. Qc6 Rd8 35. Qg6 Qa4 36. Bf5 Kg8 37. Qh7+ Kf7 38. Bg6+ Kf6 39. Bc2 Qxa2 40. Qg6+ Ke5 41. Re1+ Kd5 42. Rd1+ Kc4 43. Qf7+ 1-0

[Event "FIDE World Cup O10-A 2024"]
[Site "Batumi"]
[Date "2024.06.29"]
[Round "7.11"]
[White "Macosay Lopez, Julio David"]
[Black "Dien James"]
[Result "1-0"]
[ECO "B01"]
[WhiteElo "1607"]
[BlackElo "1419"]
[Annotator "NA RC"]
[PlyCount "53"]
[EventDate "2024.06.23"]
[EventType "swiss"]
[EventCountry "GEO"]
[SourceTitle "playchess.com"]
[Source "ChessBase"]
[SourceQuality "1"]
[TimeControl "5400+30"]

1. e4 d5 2. exd5 Qxd5 3. Nc3 Qd6 4. d4 Nf6 5. Nf3 Nc6 6. Be3 Bg4 7. d5 Ne5 8. Bb5+ Ned7 9. h3 Bxf3 10. Qxf3 O-O-O 11. O-O-O Kb8 12. g4 e6 13. dxe6 Qxe6 14. Rhe1 b6 15. Ba6 c6 16. Bf4+ Qe5 17. Bxe5+ Nxe5 18. Rxd8+ Kc7 19. Rc8+ Kd6 20. Rxe5 Kxe5 21. Qf5+ Kd6 22. Rd8+ Ke7 23. Ra8 g6 24. Rxa7+ Nd7 25. Qxd7+ Kf6 26. Ne4+ Kg7 27. g5 1-0